 Dungeon Crawl Stone Soup version 0.22-a0-858-g985ef60 (webtiles) character file.

74 CanOfBees the Ruffian (level 4, -2/39 (40) HPs)
             Began as a Ghoul Monk on July 27, 2018.
             Slain by a gnoll (7 damage)
             ... on level 2 of the Dungeon.
             The game lasted 00:03:02 (1797 turns).

CanOfBees the Ruffian (Ghoul Monk)                  Turns: 1797, Time: 00:03:03

HP:   -2/39 (40)    AC:  6    Str: 15    XL:     4   Next: 30%
MP:   3/3           EV: 11    Int:  5    God:
Gold: 95            SH:  0    Dex: 11    Spells: 3/3 levels left

rFire    . . .     SeeInvis .     - Unarmed
rCold    + . .     Gourm    .   (no shield)
rNeg     + + +     Faith    .   e - +0 ring mail
rPois    ∞         Spirit   .   (no helmet)
rElec    .         Reflect  .   (no cloak)
rCorr    .         Harm     .   (no gloves)
MR       .....                  g - +0 pair of boots
Stlth    +.........             (no amulet)
HPRegen  0.00/turn              (no ring)
MPRegen  0.08/turn              (no ring)

@: rotting
A: rotting body, claws 1, carnivore, cold resistance 1, negative energy
resistance 3, inhibited regeneration, torment resistance, unbreathing
a: no special abilities


You were on level 2 of the Dungeon.
You were not hungry.

You visited 1 branch of the dungeon, and saw 3 of its levels.

You collected 95 gold pieces.

Inventory:

Missiles
 k - 25 sling bullets
Armour
 e - a +0 ring mail (worn)
 g - a +0 pair of boots (worn)
Scrolls
 c - 4 scrolls of remove curse
 h - a scroll of enchant armour {unknown}
 i - a scroll of teleportation
 j - a scroll of identify
Potions
 a - a potion of heal wounds
 d - a potion of invisibility {unknown}
 f - 4 potions of curing {unknown}
 l - a potion of lignification {unknown}
 n - a potion of might {unknown}
Comestibles
 b - 4 rations


   Skills:
 + Level 4.2 Fighting
 + Level 0.6 Armour
 - Level 3.0 Dodging
 - Level 2.1 Stealth
 + Level 4.3 Unarmed Combat


You had 3 spell levels left.
You didn't know any spells.
Your spell library was empty.

Dungeon Overview and Level Annotations

Branches:
Dungeon (3/15)

Altars:
Ashenzari
Ru


Innate Abilities, Weirdness & Mutations

Your body is rotting away.
You thrive on raw meat.
You are immune to poison.
You have sharp fingernails.
You are carnivorous and can eat meat at any time.
Your flesh is cold resistant. (rC+)
You are immune to negative energy. (rN+++)
You do not regenerate when monsters are visible.
You are immune to unholy pain and torment.
You can survive without breathing.


Message History

You climb upwards.
There is a stone staircase leading down here.
You closely miss the gnoll. The gnoll hits you!
You closely miss the gnoll. The gnoll hits you.
You scratch the gnoll.
The gnoll is heavily wounded.
The gnoll hits you.
* * * LOW HITPOINT WARNING * * *
You barely miss the gnoll.
The gnoll is heavily wounded.
The gnoll hits you.
* * * LOW HITPOINT WARNING * * *
You scratch the gnoll.
The gnoll is severely wounded.
The gnoll hits you.
* * * LOW HITPOINT WARNING * * *
You closely miss the gnoll.
The gnoll is severely wounded.
The gnoll hits you!
You die...

.......#............##.#.#.#
######.######'##+#####.#.#.#
# #...).......# #.#.#.#
#############..#.#####.#.#.#
.......................#.#.#
.#####....####.#...........#
.'...'.....................#
.#####....#####............#
.# #....# #g@......)...# .#
#....# ##.########### ##
#....# #.# ###### #.# #.#
#.# #.# #.# #.#


You could see a gnoll.

Vanquished Creatures
  An adder (D:2)
  2 oozes
  2 worms (D:2)
  2 dart slugs
  2 leopard geckos
  7 bats
  4 giant cockroaches
  5 goblins
  6 hobgoblins
  A quokka (D:2)
  A ball python (D:2)
  4 frilled lizards
  3 kobolds
  5 rats
45 creatures vanquished.

Vanquished Creatures (others)
  4 toadstools (D:1)
4 creatures vanquished.

Grand Total: 49 creatures vanquished

Notes
Turn   | Place    | Note
-------+----------+-------------------------------------------
     0 | D:1      | CanOfBees the Ghoul Monk began the quest for the Orb.
     0 | D:1      | Reached XP level 1. HP: 19/19 MP: 0/0
   179 | D:1      | Reached XP level 2. HP: 26/26 MP: 1/1
   444 | D:1      | Reached XP level 3. HP: 29/33 MP: 2/2
  1042 | D:2      | Found a sacrificial altar of Ru.
  1099 | D:2      | Reached XP level 4. HP: 40/40 MP: 3/3
  1738 | D:3      | Found a shattered altar of Ashenzari.
  1797 | D:2      | Slain by a gnoll

Vault maps used:
D:1:      ldierk_walled_garden_2
D:2:      nicolae_ru_sacrificial_ziggurat
D:3:      nicolae_ashenzari_panopticon, first_ration, okawaru_ov_weapons_minmay

Skill      XL: |  1  2  3 |
---------------+----------+-----
Dodging        | 3 |  3.0
Unarmed Combat | 4 |  4.3
Fighting       | 4 |  4.2
Armour         | |  0.6
Stealth        | |  2.1

Action                   |  1- 3 |  4- 6 || total
-------------------------+-------+-------++-------
Melee: Unarmed           |   100 |    41 ||   141
       Punch             |     2 |       ||     2
  Use: Scroll            |       |     3 ||     3
 Stab: Sleeping          |     3 |       ||     3
  Eat: Chunk             |    20 |     5 ||    25
Armor: Robe              |     1 |       ||     1
       Ring mail         |    36 |    19 ||    55
Dodge: Dodged            |    73 |    34 ||   107

Table legend:
 A = Spawn XP
 B = Non-spawn XP
 C = Spawn XP percentage of total XP
 D = Spawn monster count
 E = Non-spawn monster count
 F = Spawn count percentage of total count
 G = Total turns spent on level
                    A         B        C        D         E        F      G
               +---------+---------+-------+---------+---------+-------+---------
         Total |       0 |     107 |   0.0 |       0 |      45 |   0.0 |  1797
               +---------+---------+-------+---------+---------+-------+---------
           D:1 |       0 |      40 |   0.0 |       0 |      19 |   0.0 |   825
           D:2 |       0 |      67 |   0.0 |       0 |      26 |   0.0 |   907
               +---------+---------+-------+---------+---------+-------+---------
